← All builds
Pond / Armada / Economy first / OBSERVED BUILD

Gunslinger buy

Armada Pond build order · Supreme Isthmus

Pond pays Tech to build and hand over a Gunslinger from 5:05 for the front line.

#team support · 108 distinct matches · 52 players · 5% of Armada Pond games · team won 45% of 108 · Recently observed

THE CATCH, AND WHAT COMES WITH IT
  • GunslingerGunslinger from Tech arrives 5:06 · 4% of role by thenTech makes it and hands it over.

Paid for by sending allies about 580 metal and 12,000 energy by 5:00; standard pond sends 0 metal and 9,000 energy.

Where those units first fight, in 103 games with kill data: in the middle 83%, on their own side 17%.

Those units destroy a typical 1,807 metal of enemy units by 15:00.

Then transitions into tick (31% of army), pawn (11% of army).

HOW TO PLAY IT

Key timing: Gunslinger by 5:05

  1. Open tidal-heavy eco, pay allies metal and energy early.
  2. Put down Bot Lab as normal for Pond.
  3. Buy a Gunslinger from Tech instead of building your own.
  4. Send the Gunslinger to fight in the middle.
  5. Fall back into standard Tick/Pawn/Blitz production.

Phase by phase

TYPICAL OF ITS 108 GAMES · AGAINST STANDARD POND
  1. 1
  2. 2
PLAY THE OPENING

Follow the example game's first 6:06 step by step: what to build now, what comes next, and where it goes. At 1× it keeps pace with your own game.

  1. 1

    Up to the Bot Lab

    Economy
    • Metal Extractor4Mex
    • Tidal Generator8Tidalfor allies
    • Wind Turbine5Wind
    • Tidal Generator2Tidal
    • Energy Storage1Energy storage
    Order
    1. Bot LabBot Lab after 4 mex, 5 wind, 2 tidaldone ~3:52, middle half 3:16–5:48

    Some games also: converter (34%)

    By 3:33 in all: 4 mex · 5 wind · 2 tidal · 1 energy storage

    The example game in this phase · 4 steps
    1. Tidal ×8for Suicide front
    2. Tidal ×2
    3. Mex ×4
    4. Bot LabBot Labdone 2:55 · typical 3:52
  2. 2

    Bot Lab to 10:00

    Economy
    • Wind Turbine24Wind−10 vs standard
    • Energy Converter3Converter−6 vs standard
    Builders
    • Construction Turret1 Con turret
    • Construction Bot3 Con bot

    Some games also: Lazarus (50%) · tick (46%) · eat Bot Lab (40%)

    By 10:00 in all: 4 mex · 36 wind · 2 tidal · 6 converter (standard 9) · 1 energy storage · 2 con turret

    The example game in this phase · 202 steps
    1. LazarusLazarus
    2. Wind
    3. Construction BotCon bot
    4. Wind ×2
    5. Con turret
    6. Wind
    7. Converter ×3
    8. Wind
    9. Converter
    10. TickTick ×2
    11. Converter
    12. TickTick ×2
    13. Converter
    14. TickTick
    15. Wind
    16. TickTick ×2
    17. Converter
    18. TickTick
    19. Construction BotCon bot
    20. Converter
    21. Wind
    22. Construction BotCon bot
    23. Converter
    24. TickTick ×2
    25. Wind
    26. TickTick ×6
    27. Wind
    28. TickTick ×2
    29. Naval Energy Converter
    30. TickTick ×2
    31. Naval Energy Converter
    32. TickTick
    33. Naval Energy Converter
    34. TickTick
    35. Naval Energy Converter
    36. Wind ×2
    37. TickTick
    38. Wind
    39. TickTick ×2
    40. Naval Energy Converter
    41. Wind
    42. TickTick
    43. Wind
    44. TickTick ×2
    45. Wind
    46. Naval Energy Converter
    47. TickTick ×2
    48. Wind
    49. TickTick
    50. Naval Energy Converter
    51. TickTick
    52. Wind
    53. TickTick ×3
    54. Wind
    55. Naval Energy Converter
    56. TickTick ×3
    57. Wind
    58. Naval Energy Converter
    59. TickTick
    60. Wind
    61. TickTick ×3
    62. Naval Energy Converter
    63. TickTick
    64. Construction BotCon bot
    65. Wind
    66. Naval Energy Converter
    67. Wind
    68. Construction BotCon bot
    69. Wind
    70. TickTick
    71. Naval Energy Converter
    72. Con turret
    73. TickTick ×2
    74. Naval Energy Converter
    75. Wind
    76. TickTick
    77. Naval Energy Converter
    78. TickTick
    79. Advanced Metal ExtractorT2 mexdone 10:01 · typical 9:22
    80. TickTick
    81. Wind
    82. TickTick ×2
    83. Naval Energy Converter
    84. TickTick ×3
    85. Wind
    86. TickTick ×3
    87. Naval Energy Converter
    88. TickTick
    89. Wind
    90. TickTick ×3
    91. Wind
    92. Naval Energy Converter
    93. TickTick ×2
    94. Wind
    95. TickTick
    96. Naval Energy Converter
    97. TickTick ×2
    98. Wind
    99. TickTick
    100. Naval Energy Converter
    101. TickTick
    102. Wind
    103. TickTick ×2
    104. Naval Energy Converter
    105. TickTick ×2
    106. Wind
    107. TickTick ×2
    108. Naval Energy Converter
    109. TickTick ×2
    110. Wind
    111. TickTick ×3
    112. Naval Energy Converter
    113. TickTick
    114. Wind
    115. TickTick ×3
    116. Naval Energy Converter
    117. Advanced Metal ExtractorT2 mex
    118. Sneaky PeteSneaky Pete
    119. TickTick ×5
    120. Naval Energy Converter
    121. MaceMace ×2
    122. Naval Energy Converter
    123. MaceMace ×2
    124. Naval Energy Converter
    125. MaceMace ×2
    126. Naval Energy Converter
    127. MaceMace
    128. Naval Energy Converter
    129. MaceMace
    130. GauntletGauntletdone 12:19
    131. TickTick
    132. Naval Energy Converter
    133. TickTick ×2
    134. Advanced Metal ExtractorT2 mex
    135. TickTick
    136. Naval Energy Converter
    137. TickTick
    138. Naval Energy Converter
    139. TickTick
    140. Naval Energy Converter ×2
    141. TickTick ×5
    142. Naval Energy Converter
    143. TickTick ×5
    144. Advanced Metal ExtractorT2 mex
    145. Naval Energy Converter
    146. TickTick ×4
    147. Naval Energy Converter
    148. TickTick ×3
    149. Wind
    150. TickTick
    151. Tidal
    152. Wind
    153. TickTick ×2
    154. Wind
    155. TickTick
    156. Tidal
    157. TickTick ×2
    158. Wind
    159. TickTick
    160. Tidal
    161. TickTick
    162. CenturionCenturion
    163. Wind
    164. Tidal
    165. Wind
    166. Tidal
    167. Wind
    168. CenturionCenturion
    169. Tidal
    170. Wind
    171. Tidal
    172. Wind
    173. CenturionCenturion
    174. Con turret
    175. Tidal
    176. Wind
    177. CenturionCenturion
    178. Tidal
    179. Wind
    180. CenturionCenturion
    181. Tidal
    182. Con turret
    183. Wind
    184. CenturionCenturion
    185. Tidal
    186. Wind
    187. Tidal
    188. CenturionCenturion
    189. PawnPawn
    190. Wind
    191. PawnPawn ×2
    192. Wind
    193. PawnPawn ×3
    194. Wind
    195. PawnPawn ×2
    196. Advanced Bot LabAdvanced Bot Labnot finished by 15:00
    197. PawnPawn
    198. Wind
    199. TickTick
    200. Wind
    201. TickTick ×2
    202. Wind

Counts are medians over the build's games: half of them build more, half fewer. The example game is theflyingpancake's (32 OS, 06/09/2026); pick another.

Team trades

IN AT LEAST 30% OF ITS GAMES

You hand over

  • Tidal Generator8 Tidal to Suicide front or Frontfirst at 0:12 · in 99% of games

You get

  • Gunslinger1 Gunslinger from Techfirst at 5:06 · in 100% of games
  • Advanced Construction Bot1 T2 con bot from Techfirst at 7:46 · in 96% of games

How it plays out

Typical game of this build against the role’s standard build, running totals by minute

  • This build
  • Standard pond

Metal produced

010k20k30k
0:005:0010:0015:00

metal

Enemy metal destroyed

02k4k6k
0:005:0010:0015:00

metal

Own metal lost

02k4k
0:005:0010:0015:00

metal

Metal sent to allies

01k2k
0:005:0010:0015:00

metal

Energy sent to allies

020k40k60k
0:005:0010:0015:00

metal

108 games.

Show as table
ByMetal produced: This buildMetal produced: Standard pondEnemy metal destroyed: This buildEnemy metal destroyed: Standard pondOwn metal lost: This buildOwn metal lost: Standard pondMetal sent to allies: This buildMetal sent to allies: Standard pondEnergy sent to allies: This buildEnergy sent to allies: Standard pond
1:0011511500000013541282
2:0026626800000031082758
3:0077679900000054654408
4:0014681474000068079756114
5:002180218400005772115718986
6:002945299600006572571696212610
7:00383539036242110907134302149215602
8:004793494012251702961267854582638419050
9:005844621718273786503369674672815621283
10:00698677112603600108155310554683257922816
11:00910196783011807144884211735113625726154
12:001096512076313811681916128112655144395827659
13:001308114615378415402585187413725824579630345
14:001521217522448621033168253914476304792431352
15:001783320248481625673513325815476865450432676
WHAT THE NUMBERS SAY

Won less often than the standard build, but destroyed much more enemy metal by both 10:00 and 15:00 despite losing more of its own.

  • + Destroyed 5314 enemy metal by 15:00 vs 2982 for standard.
  • − Team win rate 40% vs 45% for standard build.
  • − Own metal lost by 15:00 (4508) well above standard (3531).
THE EXAMPLE YOU ARE READING

theflyingpancake

32.3 OS · 06/09/2026

Open source match ↗

2 received units · includes a constructor
112 metal received · 30423 energy received

Allied construction assistance is unknown. Timings are observations, not a promise of solo reproducibility.

Typical milestones

Bot Lab3:52Middle 50%: 3:16–5:48 · n=100
Advanced Metal Extractor9:22Middle 50%: 8:30–10:10 · n=102

Played most by

Deathkebab13games of this buildViltrum10games of this buildChaoticNoob7games of this build[NWP]Kadafi9235games of this buildStefan11565games of this build

Supporting games

Pick a game to read and play it above.

[CC]CupOfCoffee13/10/2026 · 30 OS↗Ling_long13/10/2026 · 40 OS↗JesterB12/10/2026 · 31 OS↗Flerpz12/10/2026 · 33 OS↗[Grump]Glorp_TTV11/10/2026 · 59 OS↗[NWP]Kadafi92311/10/2026 · 31 OS↗haaven09/10/2026 · 40 OS↗EpicTyrannus09/10/2026 · 44 OS↗theflyingpancake06/09/2026 · 32 OS↗
32 more of 100, the most recent[NWP]Kadafi92308/10/2026 · 31 OS↗zeus_on_god08/10/2026 · 37 OS↗Viltrum07/10/2026 · 40 OS↗RiskyDonut06/10/2026 · 31 OS↗Graceful06/10/2026 · 37 OS↗[Cookie]CottonBuds05/10/2026 · 32 OS↗Graceful05/10/2026 · 37 OS↗Gieds03/10/2026 · 46 OS↗GeeGee03/10/2026 · 37 OS↗Ram_Me_Daddy03/10/2026 · 31 OS↗zeus_on_god03/10/2026 · 38 OS↗ChaoticNoob02/10/2026 · 36 OS↗enderOS102/10/2026 · 35 OS↗BiteMyAssets02/10/2026 · 30 OS↗FrontLiner69er01/10/2026 · 33 OS↗ChaoticNoob01/10/2026 · 35 OS↗ChaoticNoob01/10/2026 · 35 OS↗TheGeneraI29/09/2026 · 32 OS↗HuntressesofArtemis29/09/2026 · 35 OS↗[Cookie]CottonBuds29/09/2026 · 31 OS↗Stefan115628/09/2026 · 33 OS↗Ubilosis28/09/2026 · 30 OS↗Stefan115628/09/2026 · 33 OS↗Stefan115628/09/2026 · 33 OS↗Stefan115628/09/2026 · 33 OS↗Stefan115627/09/2026 · 33 OS↗Alphacure25/09/2026 · 35 OS↗Ph3nomix23/09/2026 · 31 OS↗Deathkebab23/09/2026 · 36 OS↗Fakepilot23/09/2026 · 34 OS↗GeeGee23/09/2026 · 37 OS↗[Crd]Mind_The_Gap22/09/2026 · 36 OS↗
Supreme Isthmus v2.1
Beyond All Reason test-31232-3649678
Naval balance tweaks on